 Dungeon Crawl Stone Soup version 0.31-a0-716-gc7603755dd (webtiles) character file.

Game seed: 13589687064318224120

461 Shayle the Trooper (level 7, 0/72 HPs)
             Began as an Ogre Shapeshifter on Sept 11, 2023.
             Was an Initiate of Ashenzari.
             Slain by an adder (3 damage)
             ... on level 4 of the Dungeon.
             The game lasted 00:08:45 (3443 turns).

Shayle the Trooper (Ogre Shapeshifter)              Turns: 3443, Time: 00:08:46

Health: 0/72       AC:  3    Str: 19    XL:     7   Next: 7%
Magic:  13/13      EV:  9    Int: 13    God:    Ashenzari [......]
Gold:   235        SH:  0    Dex:  8    Spells: 14/14 levels left

rFire   . .          .
                       - Unarmed
rCold   . . .        (no shield)
rNeg    . . .        a - +0 animal skin
rPois   .            (helmet currently unavailable)
rElec   .            (cloak currently unavailable)
rCorr   .            (gloves unavailable)
SInv    .            (boots unavailable)
Will    .....        (no amulet)
Stlth   +            o - +4 ring of slaying
HPRegen 0.32/turn    (no ring)
MPRegen 0.13/turn

%: no passive effects
@: lethally poisoned (0 -> -2), beast-form
A: beast (slay +2), large, unfitting armour, tough skin 1
a: Begin Untransformation, Renounce Religion, Curse Item


You were on level 4 of the Dungeon.
You worshipped Ashenzari.
Ashenzari was noncommittal.
You were a hulking beast.
You visited 1 branch of the dungeon, and saw 4 of its levels.

You collected 235 gold pieces.

Inventory:

Armour
 a - a +0 animal skin (worn)
 p - a +0 cloak
Jewellery
 o - a +4 ring of slaying (left hand)
Talismans
 c - a beast talisman (active)
 d - a flux talisman
Wands
 k - a wand of flame (4)
Scrolls
 e - a scroll of revelation {unknown}
 g - 2 scrolls of immolation
 i - a scroll of torment {unknown}
 j - 2 scrolls of vulnerability {unknown}
 l - a scroll of brand weapon {unknown}
 m - a scroll of fear
Potions
 b - a potion of degeneration
 n - 2 potions of magic


   Skills:
 + Level 5.5 Fighting
 - Level 1.7 Dodging
 - Level 2.6 Unarmed Combat
 + Level 4.2 Spellcasting
 + Level 4.7 Shapeshifting


You had 14 spell levels left.
You didn't know any spells.
Your spell library contained the following spells:

 Spells                   Type           Power      Damage    Failure   Level
 Sublimation of Blood     Necr           2%         N/A       30%         2
 Ignite Poison            Fire/Tmut/Pois 2%         N/A       52%         3
 Petrify                  Tmut/Erth      2%         N/A       90%         4
 Sticky Flame             Conj/Fire      2%         2d3       90%         4
 Irradiate                Conj/Tmut      1%         3d12      99%         5
 Ignition                 Fire           1%         3d3       100%        8


Dungeon Overview and Level Annotations

Branches:
Dungeon (4/15)
 Temple: D:4-7

Altars:
Ashenzari
Cheibriados
Elyvilon
Okawaru
Wu Jian
Xom
Yredelemnul

Shops:
D:1 :


Innate Abilities, Weirdness & Mutations

You are a hulking beast.
Your limbs bulge with bestial killing power. (Slay +2)
You are too large for most types of armour.
You have tough skin. (AC +1)


Message History

The shadow imp hits you but does no damage.
You barely miss the shadow imp. The shadow imp hits you.
* * * LOW HITPOINT WARNING * * *
An endoplasm comes into view.
Unknown command.
It was a potion of cancellation.
You feel magically purged. The shadow imp closely misses you.
The endoplasm quivers.
You hit the shadow imp.
The shadow imp is lightly wounded.
The shadow imp hits you.
* * * LOW HITPOINT WARNING * * *
Unknown command.
As you read the scroll of fear, it crumbles to dust.
You assume a fearsome visage.
The shadow imp looks frightened!
The endoplasm looks frightened!
The shadow imp barely misses you.
You closely miss the shadow imp.
The shadow imp hits you but does no damage.
You punch the shadow imp!
You kill the shadow imp!
An adder comes into view.
The adder hisses angrily.
There is a stone staircase leading up here.
You hit the adder but do no damage. The adder completely misses you.
The adder bites you.
* * * LOW HITPOINT WARNING * * *
The adder misses you.
You closely miss the adder. The adder bites you.
* * * LOW HITPOINT WARNING * * *
You are poisoned.
The adder poisons you!
Okay, then.
You closely miss the adder.
You feel sick. The adder bites you.
* * * LOW HITPOINT WARNING * * *
You hit the adder.
The adder is heavily wounded.
* * * LOW HITPOINT WARNING * * *
You feel sick. The adder bites you.
You die...

........ ......###.# ..
...............## . ..
............... .. .
...#.......... ~~ ...##.
...#.##...# ~~.
##....###....##...#♣≈~~.
.......h..##.##...'♣.~~~
.....#........5..#.#
##................##.
...........#...##....
#.#.#.#.#.#.#.#........#
#..............#'#######
###...⌠.....⌠...##.#
#####


You could see an adder.

Vanquished Creatures
  An ice beast (D:3)
  Blork the orc (D:4)
  2 orc priests (D:3)
  An orc wizard (D:3)
  4 gnolls
  5 adders
  A shadow imp (D:4)
  A white imp (D:4)
  2 ufetubi (D:4)
  3 worms
  3 dart slugs
  6 orcs
  9 ball pythons
  5 bats
  8 endoplasms
  3 giant cockroaches
  8 goblins
  7 hobgoblins
  9 kobolds
  4 quokkas
  3 frilled lizards
  5 rats
91 creatures vanquished.

Notes
Turn   | Place    | Note
-------+----------+-------------------------------------------
     0 | D:1      | Shayle the Ogre Shapeshifter began the quest for the Orb.
     0 | D:1      | Reached XP level 1. HP: 19/19 MP: 1/1
    85 | D:1      | Reached XP level 2. HP: 15/28 MP: 1/3
    92 | D:1      | Reached skill level 2 in Fighting
   100 | D:1      | Reached skill level 1 in Spellcasting
   220 | D:1      | Found Rishruizu's Book Emporium.
   308 | D:1      | Found a faded altar of an unknown god.
   593 | D:2      | Reached XP level 3. HP: 33/36 MP: 5/5
   877 | D:2      | Found a basalt altar of Yredelemnul.
  1003 | D:2      | Reached skill level 3 in Fighting
  1107 | D:2      | Reached XP level 4. HP: 27/45 MP: 7/7
  1285 | D:3      | Noticed an ice beast
  1309 | D:3      | Killed an ice beast
  1310 | D:3      | Reached skill level 4 in Fighting
  1310 | D:3      | Reached XP level 5. HP: 17/54 MP: 7/9
  1610 | D:3      | Found a broken altar of Ashenzari.
  1613 | D:3      | Found an ornate altar of the Wu Jian Council.
  1629 | D:3      | Found a shimmering altar of Xom.
  1633 | D:3      | Became a worshipper of Ashenzari the Shackled
  1635 | D:3      | Found a snail-covered altar of Cheibriados.
  1878 | D:3      | Reached XP level 6. HP: 60/63 MP: 9/11
  2021 | D:3      | Reached skill level 5 in Fighting
  2313 | D:3      | Found an iron altar of Okawaru.
  3206 | D:4      | Found a white marble altar of Elyvilon.
  3243 | D:4      | Noticed Blork the orc
  3262 | D:4      | Killed Blork the orc
  3263 | D:4      | Reached XP level 7. HP: 18/72 MP: 11/13
  3413 | D:4      | HP: 3/72 [centaur (5)]
  3428 | D:4      | HP: 3/72 [shadow imp (4)]
  3442 | D:4      | HP: 3/72 [adder (1)]
  3443 | D:4      | Slain by an adder

Illustrated notes

Levels and vault maps discovered:
D:1:      lordsloth_arrival_two_stooges, layout_rooms,
          shapermc_ecumenical_altar_acropolis, serial_shops,
          nicolae_square_shop, kennysheep_flooded_box
D:2:      layout_rooms, basic_altar
D:3:      minmay_bubble_buster, layout_basic, mainiacjoe_overflow_alcove_2,
          nicolae_overflow_macrodata_refinement
D:4:      layout_basic, elyvilon_altar_5, serial_demonic, serial_demonic_f,
          serial_demonic_b, serial_demonic_a, serial_demonic_d,
          serial_demonic_b, serial_demonic_g, serial_demonic_f,
          uniq_blork_the_orc

Skill      XL: |  1  2  3  4  5  6 |
---------------+-------------------+-----
Fighting       | 2 3 4 5 |  5.5
Spellcasting   | 1 2 3 4 |  4.2
Shapeshifting  | 4 |  4.7
Dodging        | |  1.7
Unarmed Combat | |  2.6

Action                     |  1- 3 |  4- 6 |  7- 9 || total
---------------------------+-------+-------+-------++-------
  Melee: Unarmed           |   121 |   189 |    11 ||   321
         Punch             |     2 |     5 |       ||     7
  Evoke: Wand              |       |     5 |       ||     5
    Use: Potion            |     1 |     2 |     2 ||     5
         Scroll            |     3 |     3 |     2 ||     8
 Armour: Animal skin       |    66 |   118 |    16 ||   200
         Skin              |    28 |       |       ||    28
  Dodge: Dodged            |    50 |    89 |     7 ||   146

Table legend: (Time is in decaauts)
 A = Elapsed time spent in this place.
 B = Non-inter-level travel time spent in this place.
 C = Inter-level travel time spent in this place.
 D = Time resting spent in this place.
 E = Time spent auto-exploring this place.
 F = Levels seen in this place.
 G = Mean time per level.
                   A        B        C        D        E       F      G
               +--------+--------+--------+--------+--------+-----+--------+
         Total |   3429 |   3183 |    246 |    757 |   1563 |   4 |  857.2 |
       Dungeon |   3429 |   3183 |    246 |    757 |   1563 |   4 |  857.2 |
               +--------+--------+--------+--------+--------+-----+--------+

Top non-repeatable levels by time:
     D:3: 1658 daAuts
     D:2: 677 daAuts
     D:1: 568 daAuts
     D:4: 524 daAuts
